 Dungeon Crawl Stone Soup version 0.25-a0-435-g4b9beb1024 (webtiles) character file.

Game seed: 3615478022083224506, levelgen mode: deterministic

6 digijack the Skirmisher (level 1, 0/18 HPs)
             Began as a Demonspawn Berserker on Jan 26, 2020.
             Was a Follower of Trog.
             Slain by a hobgoblin
             ... wielding a +0 club
              (2 damage)
             ... on level 1 of the Dungeon.
             The game lasted 00:01:31 (309 turns).

digijack the Skirmisher (Demonspawn Berserker)       Turns: 309, Time: 00:01:31

Health: 0/18       AC:  2    Str: 17    XL:     1   Next: 75%
Magic:  1/1        EV: 12    Int:  8    God:    Trog [*.....]
Gold:   10         SH:  0    Dex: 12    Spells: 0/0 levels left

rFire    . . .     SeeInvis .   a - +0 falchion
rCold    . . .     Gourm    .   (no shield)
rNeg     . . .     Faith    .   b - +0 animal skin
rPois    .         Spirit   .   (no helmet)
rElec    .         Reflect  .   (no cloak)
rCorr    .         Harm     .   (no gloves)
MR       .....                  (no boots)
Stlth    +.........             (no amulet)
HPRegen  0.06/turn              (no ring)
MPRegen  0.07/turn              (no ring)

@: no status effects
A: no striking features
a: Berserk, Renounce Religion


You were on level 1 of the Dungeon.
You worshipped Trog.
Trog was aware of your devotion.
You were not hungry.

You visited 1 branch of the dungeon, and saw 1 of its levels.

You collected 10 gold pieces.

Inventory:

Hand Weapons
 a - a +0 falchion (weapon)
Missiles
 h - 15 stones (quivered)
Armour
 b - a +0 animal skin (worn)
Potions
 e - a potion of resistance {unknown}
 f - a potion of cancellation
 g - 2 potions of berserk rage
Comestibles
 c - 2 rations
 d - 2 chunks of flesh


   Skills:
 + Level 3.1 Fighting
 + Level 2.8 Long Blades
 - Level 1.7 Armour
 + Level 2.0 Dodging


You couldn't memorise any spells.
You didn't know any spells.
Your spell library was empty.

Dungeon Overview and Level Annotations

Branches:
Dungeon (1/15)

Altars:


Message History

You kill the kobold!
Trog accepts your kill.
A hobgoblin comes into view. It is wielding a +0 club.
You see here a +0 short sword.
You slash the goblin!
You kill the goblin!
Trog accepts your kill.
Your Dodging skill increases to level 2!
You see here a +0 club.
You barely miss the hobgoblin. The hobgoblin hits you with a +0 club.
You hit the hobgoblin but do no damage. The hobgoblin misses you.
You closely miss the hobgoblin. The hobgoblin hits you with a +0 club.
You barely miss the hobgoblin. The hobgoblin hits you with a +0 club.
You hit the hobgoblin but do no damage. The hobgoblin hits you with a +0 club.
* * * LOW HITPOINT WARNING * * *
You barely miss the hobgoblin. The hobgoblin closely misses you.
You hit the hobgoblin.
The hobgoblin is almost dead.
The hobgoblin hits you with a +0 club.
You die...

#.............#
.....≈≈≈≈.....#.
.....≈........#.# ######
.....≈≈≈≈.....#.# ......
..............#.##......
.....>........#.#.....
..............#.#...
.....÷...#....#.#g###
..#######.......@...###
..#### #...[..)........
.....# #...........####
..##.# #...........#
..##.# #...........#
####.# #...........# .#
#.# .....#.#.#.#... .#
#.##.#####.#.#.#.### .#
#.##. #.#.#.# .


You could see a hobgoblin.

Vanquished Creatures
  A leopard gecko (D:1)
  A bat (D:1)
  A goblin (D:1)
  A frilled lizard (D:1)
  A kobold (D:1)
5 creatures vanquished.

Notes
Turn   | Place    | Note
-------+----------+-------------------------------------------
     0 | D:1      | digijack the Demonspawn Berserker began the quest for the
                  | Orb.
     0 | D:1      | Reached XP level 1. HP: 18/18 MP: 1/1
   309 | D:1      | Slain by a hobgoblin

Levels and vault maps discovered:
D:1:      psy_arrival_fountain, layout_basic, serial_rivers,
          chequers_serial_rivers_large_a, chequers_serial_rivers_micro_d,
          chequers_serial_rivers_micro_b, chequers_serial_rivers_room_a

Skill      XL: |  1 |
---------------+----+-----
Dodging        | 2 |  2.0
Fighting       | |  3.1
Long Blades    | |  2.8
Armour         | |  1.7

Action                   || total
-------------------------++-------
Melee: Falchion          ||    27
  Use: Scroll            ||     2
Armor: Animal skin       ||     6
Dodge: Dodged            ||    15
       Rpst.: Falchion   ||     3

Table legend:
 A = Non-vault XP
 B = Vault XP
 C = Vault XP percentage of total XP
 D = Non-vault monster count
 E = Vault monster count
 F = Vault count percentage of total count
                 A         B        C        D         E       F
            +---------+---------+-------+---------+---------+-------
      Total |       9 |       0 |   0.0 |       5 |       0 |   0.0
            +---------+---------+-------+---------+---------+-------
        D:1 |       9 |       0 |   0.0 |       5 |       0 |   0.0
            +---------+---------+-------+---------+---------+-------
